 Dungeon Crawl Stone Soup version 0.31-a0-237-g2d982f9f85 (webtiles) character file.

Game seed: 6560780391676429650

1611 qw the Skirmisher (level 8, -3/51 HPs)
             Began as a Gargoyle Hexslinger on July 10, 2023.
             Was an Initiate of Okawaru.
             Blown up by Pikel (19 damage)
             ... with a mindburst bolt
             ... on level 5 of the Dungeon.
             The game lasted 00:02:31 (4555 turns).

qw the Skirmisher (Gargoyle Hexslinger)             Turns: 4555, Time: 00:02:32

Health: -3/51      AC: 17    Str: 11    XL:     8   Next: 95%
Magic:  7/9        EV: 13    Int: 15    God:    Okawaru [......]
Gold:   129        SH:  5    Dex: 14    Spells: 8/9 levels left

rFire   . . .        Y - +2 sling
rCold   . . .        (no shield)
rNeg    + . .        n - +0 ring mail
rPois   inf          d - +0 helmet
rElec   +            (no cloak)
rCorr   .            c - +1 pair of gloves
SInv    .            m - +0 pair of boots
Will    .....        g - amulet of reflection
Stlth   ++           (no ring)
HPRegen 0.28/turn    (no ring)
MPRegen 0.11/turn

%: reflection
@: heroic
A: sickness immunity, AC +5, negative energy resistance 1, electricity
resistance, torment resistance 1, petrification resistance
a: Renounce Religion


You were on level 5 of the Dungeon.
You worshipped Okawaru.
Okawaru was noncommittal.
You visited 1 branch of the dungeon, and saw 5 of its levels.
You also visited: Ossuary.

You collected 241 gold pieces.
You spent 112 gold pieces at shops.


Innate Abilities, Weirdness & Mutations

You are immune to sickness and miasma.
Your stone body is resilient. (AC +5)
You are immune to poison.
You resist negative energy. (rN+)
You are resistant to electric shocks. (rElec)
You are resistant to unholy torment.
You are immune to petrification.


   Skills:
 + Level 5.7(10.7) Fighting
 - Level 9.0(14.0) Ranged Weapons
 - Level 3.0(8.0) Armour
 - Level 2.2(7.2) Dodging
 - Level 1.0 Spellcasting
 - Level 2.6 Hexes
 - Level 1.6 Invocations


You had 8 spell levels left.
You knew the following spells:

 Your Spells              Type           Power      Damage    Failure   Level
a - Slow                  Hex            32%        N/A       17%         1

Your spell library contained the following spells:

 Spells                   Type           Power      Damage    Failure   Level
 Inner Flame              Hex/Fire       4%         N/A       65%         3
 Portal Projectile        Hex/Tloc       8%         N/A       65%         3
 Cause Fear               Hex            4%         N/A       86%         4

Inventory:

Hand Weapons
 Y - a +2 sling (weapon)
Armour
 c - a +1 pair of gloves (worn)
 d - a +0 helmet (worn)
 e - a +1 robe of willpower
 m - a +0 pair of boots (worn)
 n - a +0 ring mail (worn)
Jewellery
 g - an amulet of reflection (around neck)
Scrolls
 b - 4 scrolls of identify
Potions
 a - a potion of might
 f - 2 potions of enlightenment
 j - a potion of heal wounds

Dungeon Overview and Level Annotations

Branches:
Dungeon (5/15)             Temple (0/1) D:5         Ossuary (visited)

Altars:
Okawaru
Sif Muna
Yredelemnul

Shops:
D:2 ?

Annotations:
D:4 1 runed translucent door
D:5 Pikel


Message History

That felt strangely unrewarding.
You shoot a sling bullet. The sling bullet hits Pikel.
Pikel is lightly wounded.
Pikel hits you with a +0 whip of electrocution.
You shoot a sling bullet. The sling bullet closely misses Pikel.
You shoot a sling bullet.
The sling bullet completely misses Pikel.
Pikel hits you but does no damage.
You shoot a sling bullet. The sling bullet hits Pikel.
Pikel is lightly wounded.
Pikel hits you but does no damage.
You shoot a sling bullet.
The sling bullet hits Pikel but does no damage.
Pikel is lightly wounded.
You feel like a meek peon again.
Pikel hits you with a +0 whip of electrocution.
4549 ||| INVOKING Heroism.
You gain the combat prowess of a mighty hero.
You can no longer gain great but temporary skills.
Pikel closely misses you.
You shoot a sling bullet.
The sling bullet hits Pikel but does no damage.
Pikel is lightly wounded.
Pikel zaps a wand.
Your mind is blasted!
You shoot a sling bullet. The sling bullet hits Pikel.
Pikel is lightly wounded.
You shoot a sling bullet. The lemure shouts!
The sling bullet hits Pikel.
Pikel is moderately wounded.
You hear the rapid rusting of a drain nearby.
Pikel hits you with a +0 whip of electrocution.
You shoot a sling bullet. The sling bullet closely misses Pikel.
Pikel hits you but does no damage.
You shoot a sling bullet. The sling bullet barely misses Pikel.
Pikel hits you with a +0 whip of electrocution!
You shoot a sling bullet. The sling bullet hits Pikel.
Pikel is moderately wounded.
Pikel zaps a wand.
Your mind is blasted!
You die...

### #.#
#.##########
#..........#
#)########.#
#.########.#######
#.................
#
#.########.#######
.# #@#......)))#
...
...5..K...........#
..#
.....##.#.........#
...# ....
#.#####.....#
##....# ... #.#
#.....# .K5...# ..
#.# #.....#
######## . #..
#.....# ....>...
7P. #.....#
......##


You could see Pikel and a lemure.

Vanquished Creatures
  Prince Ribbit (D:5)
  A water moccasin (D:4)
  An ogre (D:5)
  3 phantoms (D:4)
  3 lemures (D:5)
  2 water moccasin zombies (Ossuary)
  4 wights (D:5)
  A howler monkey (D:5)
  A jelly (D:4)
  2 hounds
  2 orc priests (D:5)
  4 iguanas
  7 orc wizards
  2 mummies (Ossuary)
  4 adders
  3 gnolls (D:4)
  4 adder zombies (Ossuary)
  3 worms
  2 dart slugs
  16 orcs
  7 bats
  8 endoplasms
  2 giant cockroaches (D:1)
  A gnoll zombie (Ossuary)
  10 goblins
  3 hobgoblins
  5 kobolds
  3 quokkas
  7 ball pythons
  3 frilled lizards
  11 hobgoblin zombies (Ossuary)
  A jackal skeleton (D:4)
  3 kobold zombies (Ossuary)
  9 orc zombies (Ossuary)
  2 rats
141 creatures vanquished.

Notes
Turn   | Place    | Note
-------+----------+-------------------------------------------
     0 | D:1      | qw the Gargoyle Hexslinger began the quest for the Orb.
     0 | D:1      | Reached XP level 1. HP: 12/12 MP: 2/2
     0 | D:1      | 0 ||| qw: Version: 0.3-a-52-g30416fa
     0 | D:1      | 0 ||| qw: Game counter: 5284
     0 | D:1      | 0 ||| qw: Melee chars always use a shield: true
     0 | D:1      | 0 ||| qw: God list: Okawaru
     0 | D:1      | 0 ||| qw: Allow faded altars: false
     0 | D:1      | 0 ||| qw: Do Orc after clearing Dungeon:15 true
     0 | D:1      | 0 ||| qw: Do second Lair branch before Depths: true
     0 | D:1      | 0 ||| qw: Lair rune preference: random
     0 | D:1      | 0 ||| qw: Goals: Normal
     0 | D:1      | 0 ||| PLANNING D:1-11
   280 | D:1      | Reached XP level 2. HP: 16/16 MP: 3/3
   337 | D:1      | Reached skill level 3 in Ranged Weapons
   514 | D:1      | Reached XP level 3. HP: 21/21 MP: 4/4
   731 | D:1      | 731 ||| UPGRADING to +0 helmet.
   736 | D:1      | 736 ||| UPGRADING to +0 leather armour.
   746 | D:1      | 746 ||| DROPPING +0 robe.
   747 | D:1      | 747 ||| UPGRADING to +0 pair of boots.
   752 | D:1      | 752 ||| UPGRADING to +0 ring mail.
   762 | D:1      | 762 ||| DROPPING +0 leather armour.
   763 | D:1      | 763 ||| UPGRADING to amulet of reflection.
   768 | D:1      | 768 ||| READING scroll labelled DOATSIE PAKKAH.
   769 | D:1      | 769 ||| DRINKING 2 yellow potions.
   770 | D:1      | 770 ||| DROPPING scroll of poison.
   771 | D:1      | 771 ||| DROPPING potion of invisibility.
   889 | D:2      | Reached skill level 1 in Armour
   935 | D:2      | 935 ||| DRINKING 2 blue potions.
   936 | D:2      | 936 ||| DROPPING potion of degeneration.
   970 | D:2      | Found Zaczeckikh's Magic Scroll Shop.
   982 | D:2      | 982 ||| BUYING 2 scrolls of identify (56 gold).
   982 | D:2      | Bought 2 scrolls of identify for 56 gold pieces
   982 | D:2      | 982 ||| SHOPLISTING scroll of enchant weapon (105 gold,
                  | have 74).
   982 | D:2      | 982 ||| BUYING scroll of identify (28 gold).
   982 | D:2      | Bought a scroll of identify for 28 gold pieces
   982 | D:2      | 982 ||| BUYING scroll of identify (28 gold).
   982 | D:2      | Bought a scroll of identify for 28 gold pieces
   982 | D:2      | 982 ||| SHOPLISTING scroll of identify (28 gold, have 18).
   982 | D:2      | 982 ||| SHOPLISTING scroll of teleportation (42 gold, have
                  | 18).
  1046 | D:2      | Found a shimmering blue altar of Sif Muna.
  1091 | D:2      | Found a faded altar of an unknown god.
  1130 | D:2      | 1130 ||| READING scroll labelled PIDWEDE KEEL.
  1457 | D:2      | 1457 ||| READING scroll labelled HAWNOF FANESO.
  1458 | D:2      | 1458 ||| READING scroll labelled FEDEDD ILAUNGI.
  1459 | D:2      | 1459 ||| READING 5 scrolls of identify.
  1459 | D:2      | 1459 ||| IDENTIFYING fuming ruby potion
  1460 | D:2      | 1460 ||| READING 4 scrolls of identify.
  1460 | D:2      | 1460 ||| IDENTIFYING inky potion
  1461 | D:2      | 1461 ||| READING 3 scrolls of identify.
  1461 | D:2      | 1461 ||| IDENTIFYING purple potion
  1462 | D:2      | 1462 ||| READING 2 scrolls of identify.
  1462 | D:2      | 1462 ||| IDENTIFYING bubbling golden potion
  1463 | D:2      | 1463 ||| DROPPING potion of berserk rage.
  1520 | D:3      | Reached XP level 4. HP: 26/26 MP: 5/5
  1690 | D:3      | Reached skill level 4 in Ranged Weapons
  1769 | D:3      | Reached XP level 5. HP: 30/30 MP: 6/6
  2091 | D:3      | 2091 ||| FLEEEEING.
  2092 | D:3      | 2092 ||| FLEEEEING.
  2093 | D:3      | 2093 ||| FLEEEEING.
  2094 | D:3      | 2094 ||| FLEEEEING.
  2095 | D:3      | 2095 ||| FLEEEEING.
  2131 | D:3      | Reached skill level 5 in Ranged Weapons
  2612 | D:3      | 2612 ||| READING scroll labelled BAN WOTHRIMUD.
  2613 | D:3      | 2613 ||| READING scroll labelled TUODIO OGEI.
  2616 | D:3      | 2616 ||| DRINKING 2 smoky silvery potions.
  2645 | D:3      | 2645 ||| DROPPING potion of lignification.
  2657 | D:4      | 2657 ||| PLANNING OSSUARY
  2668 | D:4      | Found an iron altar of Okawaru.
  2682 | D:4      | Reached skill level 3 in Fighting
  2682 | D:4      | Reached XP level 6. HP: 24/37 MP: 7/7
  2889 | D:4      | Noticed a human
  2890 | D:4      | Found a runed translucent door.
  2893 | D:4      | Found a basalt altar of Yredelemnul.
  2896 | D:4      | 2896 ||| UPGRADING to +1 pair of gloves.
  2955 | D:4      | Reached skill level 6 in Ranged Weapons
  2974 | D:4      | Reached XP level 7. HP: 38/41 MP: 8/8
  3009 | D:4      | Found a sand-covered staircase.
  3010 | D:4      | 3010 ||| READING scroll labelled NAFYNUGUO.
  3017 | Ossuary  | Entered an ossuary
  3310 | Ossuary  | 3310 ||| READING scroll labelled AGHOCZINOG.
  3311 | Ossuary  | 3311 ||| READING scroll labelled YCUNNORULOO.
  3312 | Ossuary  | 3312 ||| DRINKING 2 fizzy blue potions.
  3319 | Ossuary  | 3319 ||| DRINKING 2 golden potions.
  3320 | Ossuary  | 3320 ||| DROPPING potion of ambrosia.
  3321 | Ossuary  | 3321 ||| DROPPING potion of brilliance.
  3327 | D:4      | 3327 ||| PLANNING OKAWARU WORSHIP
  3353 | D:4      | Became a worshipper of Warmaster Okawaru
  3354 | D:4      | 3354 ||| PLANNING D:1-11
  3611 | D:4      | Reached skill level 7 in Ranged Weapons
  3687 | D:4      | Reached XP level 8. HP: 41/48 MP: 9/9
  3795 | D:5      | Entered Level 5 of the Dungeon
  3796 | D:5      | 3796 ||| PLANNING SEWER
  3826 | D:5      | 3826 ||| Stepping ~*~*~tactically~*~*~ (outnumbered).
  3832 | D:5      | Reached * piety under Okawaru
  3833 | D:5      | Reached skill level 8 in Ranged Weapons
  3833 | D:5      | 3833 ||| INVOKING Heroism.
  3836 | D:5      | 3836 ||| Stepping ~*~*~tactically~*~*~ (outnumbered).
  3855 | D:5      | HP: 12/48 [orc priest/divine providence (11)]
  3856 | D:5      | 3856 ||| READING scroll of teleportation.
  3857 | D:5      | 3857 ||| DRINKING 3 potions of heal wounds.
  3973 | D:5      | Noticed Prince Ribbit
  3974 | D:5      | 3974 ||| INVOKING Heroism.
  3994 | D:5      | Killed Prince Ribbit
  3995 | D:5      | Reached skill level 9 in Ranged Weapons
  4101 | D:5      | Noticed Pikel
  4102 | D:5      | 4102 ||| INVOKING Heroism.
  4131 | D:5      | HP: 9/49 [Pikel/+0 whip of electrocution (11)]
  4132 | D:5      | 4132 ||| READING scroll of teleportation.
  4132 | D:5      | HP: 4/49 [Pikel/+0 whip of electrocution (6)]
  4133 | D:5      | 4133 ||| DRINKING 2 potions of heal wounds.
  4227 | D:5      | Found a staircase to the Ecumenical Temple.
  4237 | D:5      | Reached skill level 3 in Armour
  4479 | D:5      | Reached skill level 1 in Invocations
  4533 | D:5      | 4533 ||| INVOKING Heroism.
  4549 | D:5      | 4549 ||| INVOKING Heroism.
  4555 | D:5      | Blown up by Pikel

Levels and vault maps discovered:
D:1:      giann_wishing_wells, layout_loops_ring, minmay_split_cup_small
D:2:      layout_basic, basic_altar, serial_glass, glass_columns_a,
          glass_columns_a, glass_columns_a, glass_columns_c, glass_columns_a,
          glass_columns_c, serial_shops, nicolae_diamond_shop,
          dreamdust_ecumenical_altar_grove
D:3:      layout_basic, dreamdust_princess_corridor, minmay_misc_feat_nine_boxes
D:4:      layout_rooms, okawaru_gym_becter, dk_yredelemnul_ordeal,
          enter_ossuary_1
D:5:      layout_basic, kennysheep_mini_moat, minmay_temple_entry_proselytizer,
          cheibrodos_sewer_entry_sluice, serial_bayou_crossing, uniq_eustachio,
          uniq_prince_ribbit1, uniq_pikel

Skill      XL: |  1  2  3  4  5  6  7  8 |
---------------+-------------------------+-----
Ranged Weapons | 3 4 5 6 7 9 |  9.0
Fighting       | 2 3 4 5 |  5.7
Armour         | 1 2 3 |  3.0
Dodging        | 2 |  2.2
Invocations    | 1 |  1.6
Spellcasting   | |  1.0
Hexes          | |  2.6

Action                     |  1- 3 |  4- 6 |  7- 9 || total
---------------------------+-------+-------+-------++-------
   Fire: Sling             |   134 |   185 |   381 ||   700
 Invoke: Heroism           |       |       |     5 ||     5
    Use: Scroll            |     8 |     2 |     5 ||    15
         Potion            |     2 |     1 |     4 ||     7
 Armour: Robe              |    17 |       |       ||    17
         Ring mail         |    13 |    89 |   114 ||   216
  Dodge: Dodged            |    27 |    47 |   102 ||   176
  Block: Other             |     8 |    26 |    53 ||    87
         Reflection        |       |     1 |       ||     1

Table legend:
 A = Non-vault XP
 B = Vault XP
 C = Vault XP percentage of total XP
 D = Non-vault monster count
 E = Vault monster count
 F = Vault count percentage of total count
                 A         B        C        D         E       F
            +---------+---------+-------+---------+---------+-------
      Total |    1727 |     575 |  25.0 |     100 |      38 |  27.5
            +---------+---------+-------+---------+---------+-------
        D:1 |      30 |       4 |  11.8 |      18 |       3 |  14.3
        D:2 |      45 |       0 |   0.0 |      18 |       0 |   0.0
        D:3 |     201 |       0 |   0.0 |      22 |       0 |   0.0
        D:4 |     758 |       1 |   0.1 |      27 |       1 |   3.6
        D:5 |     693 |     326 |  32.0 |      15 |       2 |  11.8
    Ossuary |       0 |     244 | 100.0 |       0 |      32 | 100.0
            +---------+---------+-------+---------+---------+-------
